 Dungeon Crawl Stone Soup version 0.29-a0-233-g1125b37a9b (webtiles) character file.

Game seed: 537066716893554098

203 spaghetti the Ducker (level 5, -3/36 HPs)
             Began as an Octopode Fighter on Mar 1, 2022.
             Was an Initiate of Gozag.
             Killed from afar by an orc wizard (7 damage)
             ... with a magic dart
             ... on level 4 of the Dungeon.
             The game lasted 00:03:35 (3169 turns).

spaghetti the Ducker (Octopode Fighter)             Turns: 3169, Time: 00:03:36

Health: -3/36      AC:  1    Str: 16      XL:     5   Next: 81%
Magic:  5/5        EV: 15    Int:  9 (10) God:    Gozag
Gold:   201        SH:  5    Dex: 13      Spells: 4/4 levels left

rFire   . . .      SeeInvis .   j - +1 dagger (venom) {short}
rCold   . . .      Faith    .   a - +1 buckler
rNeg    . . .      Spirit   .   (helmet restricted)
rPois   .          Reflect  .   (no amulet)
rElec   .          Harm     .   (no ring)
rCorr   .          Rampage  .   (no ring)
Will    .....                   (no ring)
Stlth   ++........              (no ring)
HPRegen 0.12/turn               (no ring)
MPRegen 0.09/turn               (no ring)
                                (no ring)
                                (no ring)

@: no status effects
A: almost no armour, amphibious, 8 rings, camouflage 1, gelatinous body 1,
(nimble swimmer 1), tentacles
a: Renounce Religion, Potion Petition, Call Merchant, Bribe Branch


You were on level 4 of the Dungeon.
You worshipped Gozag.
Gozag was aware of your devotion.
You visited 1 branch of the dungeon, and saw 4 of its levels.

You collected 227 gold pieces.
You paid 26 gold pieces to Gozag.


Innate Abilities, Weirdness & Mutations

You cannot wear most types of armour.
You are amphibious.
You can wear up to eight rings at the same time.
Your skin changes colour to match your surroundings (Stealth+).
Your rubbery body absorbs attacks. (AC +1, EV +1)
((You are camouflaged when in or above water. (Stealth+)))
You have tentacles for arms and can constrict up to eight enemies at once.


   Skills:
 - Level 3.0 Fighting
 + Level 6.3 Dodging
 - Level 3.0 Shields
 - Level 2.0 Unarmed Combat


You had 4 spell levels left.
You didn't know any spells.
Your spell library contained the following spells:

 Spells                   Type           Power      Damage    Failure   Level
 Summon Small Mammal      Summ           0%         N/A       47%         1
 Call Canine Familiar     Summ           0%         N/A       85%         3
 Summon Guardian Golem    Hex/Summ       0%         N/A       85%         3

Inventory:

Hand Weapons
 d - a +0 short sword {short}
   (You took it off a kobold on level 2 of the Dungeon)
 f - a +0 club {mace}
   (You took it off a goblin on level 2 of the Dungeon)
 h - a +0 short sword {short}
   (You took it off a kobold on level 2 of the Dungeon)
 j - a +1 dagger of venom (weapon) {short}
   (You took it off a kobold on level 1 of the Dungeon)
Missiles
 c - 5 javelins (quivered) {throwing}
 e - 72 stones {throwing}
Armour
 a - a +1 buckler (worn)
Jewellery
 g - a ring of positive energy
   (You found it on level 4 of the Dungeon)
Scrolls
 i - a scroll of identify {@r1}

Dungeon Overview and Level Annotations

Branches:
Dungeon (4/15)
 Temple: D:4-7

Altars:
Gozag
Okawaru
Vehumet

..#...........#....###....
#g...o.o...........##....
###.g.........<#.....#.....
#.....$..oo...##<...##.....
...###........#.....#...#..
#.....................###.
#.##....K..............#..
...#....W.?................
....##.....@................
............................
##...........$...............
................#...........
#..........?...##.......###.
#..###...........##....)....
#..###...##.....#####.......
#....#..###.......#.....###.
##......................<###


You could see a phantom, 3 orc wizards, an orc, 2 goblins and a kobold.


Message History

You now have 190 gold pieces (gained 7).
You now have 201 gold pieces (gained 11).
Found a stone staircase leading down.
g - a ring of positive energy A phantom comes into view.
You see here a scroll of magic mapping {!r}.
You block the phantom's attack.
You hit the phantom. You tentacle-slap the phantom. You squeeze the phantom.
The phantom hits you.
The phantom blinks!
You blink.
The phantom hits you.
The phantom blinks!
You blink. 😮 HP[-12]
You take 12 damage, and now have 24/36 hp.
MASSIVE DAMAGE!! (PAUSE) Unknown command.
Unknown command.
You closely miss the phantom. The phantom hits you. 😮 HP[-2]
You take 2 damage, and now have 22/36 hp.
You hit the phantom. The phantom hits you. 😮 HP[-3]
You take 3 damage, and now have 19/36 hp.
Okay, then.
Okay, then.
You barely miss the phantom. The phantom barely misses you.
You hit the phantom. Your squeeze misses the phantom.
You block the phantom's attack.
You barely miss the phantom. The phantom closely misses you.
You hit the phantom but do no damage. The phantom hits you.
* * * LOW HITPOINT WARNING * * *
😨 HP[-2]
You take 2 damage, and now have 17/36 hp.
You hit the phantom. The phantom hits you!
* * * LOW HITPOINT WARNING * * *
😱 HP[-8]
You take 8 damage, and now have 9/36 hp.
MASSIVE DAMAGE!! (PAUSE)
You feel much better. The phantom hits you. 😕 HP[+21]
You regained 21 hp, and now have 30/36 hp.
You barely miss the phantom. You block the phantom's attack.
You closely miss the phantom. You squeeze the phantom. The phantom hits you!
The phantom blinks!
You blink. 😮 HP[-7]
You take 7 damage, and now have 23/36 hp.
You hit the phantom. Your squeeze misses the phantom.
The phantom closely misses you.
You closely miss the phantom. The phantom hits you.
The phantom blinks!
You blink. 😮 HP[-2]
You take 2 damage, and now have 21/36 hp.
You hit the phantom but do no damage. Your squeeze misses the phantom.
The phantom misses you.
You closely miss the phantom. The phantom hits you.
* * * LOW HITPOINT WARNING * * *
😨 HP[-3]
You take 3 damage, and now have 18/36 hp.
You hit the phantom but do no damage. You squeeze the phantom.
The phantom closely misses you.
You hit the phantom but do no damage. The phantom hits you!
* * * LOW HITPOINT WARNING * * *
The phantom blinks!
You blink. 😱 HP[-9]
You take 9 damage, and now have 9/36 hp.
MASSIVE DAMAGE!! (PAUSE)
Okay, then.
Unknown command.
You aren't carrying any items that you can evoke.
Okay, then.
You aren't carrying any potions.
You closely miss the phantom. The phantom closely misses you.
You closely miss the phantom. The phantom misses you.
You closely miss the phantom. The phantom hits you.
* * * LOW HITPOINT WARNING * * *
The phantom blinks!
You blink. 4 goblins, an orc and 3 orc wizards come into view. 😱 HP[-6]
You take 6 damage, and now have 3/36 hp.
Okay, then.
You aren't carrying any potions.
You aren't carrying any items that you can evoke.
Unknown command.
Okay, then.
Found a stone staircase leading up.
The orc shouts!
You hear a shout!
The kobold shouts!
The orc wizard gestures at you while chanting.
The puff of flame misses you.
The goblin shouts!
You hear a shout! x2
A goblin comes into view. It is wielding a +0 dagger of flaming.
The kobold closely misses you. 😱 HP[+1]
The orc wizard gestures at you while chanting.
The magic dart hits you!
You die...
Your body crumbles into a pile of gold.

Skill      XL: |  1  2  3  4 |
---------------+-------------+-----
Dodging        | 4 6 |  6.3
Fighting       | |  3.0
Shields        | |  3.0
Unarmed Combat | |  2.0

Action                   |  1- 3 |  4- 6 || total
-------------------------+-------+-------++-------
Melee: Unarmed           |    14 |       ||    14
       Tentacles         |    20 |    12 ||    32
       Constrict         |    19 |     9 ||    28
       Dagger            |    57 |    54 ||   111
       Punch             |     4 |     2 ||     6
Throw: Javelin           |     3 |       ||     3
  Use: Scroll            |     4 |     1 ||     5
       Potion            |     3 |     3 ||     6
 Stab: Sleeping          |     3 |       ||     3
Armor: Skin              |     4 |     3 ||     7
Dodge: Dodged            |    30 |    30 ||    60
Block: Buckler           |    17 |     7 ||    24

Levels and vault maps discovered:
D:1:      amcnicky_arrival_flooded_fountain, layout_loops_ring,
          nicolae_concentric_dashed_squares_mild, kennysheep_crisscross
D:2:      layout_loops_cross, chequers_serial_rivers_small_a,
          grunt_ministairs_3, minmay_statues_item
D:3:      layout_basic, nicolae_overflow_crystal_walls,
          nicolae_overflow_squiral, minivault_19
D:4:      layout_cave_pools, grunt_decor_fettered, minmay_increasing_density,
          uniq_robin

Notes
Turn   | Place    | Note
-------+----------+-------------------------------------------
     0 | D:1      | spaghetti the Octopode Fighter began the quest for the Orb.
     0 | D:1      | Reached XP level 1. HP: 16/16 MP: 1/1
     0 | D:1      | magus.rc [v1.9.6]
   499 | D:1      | Reached XP level 2. HP: 21/21 MP: 2/2
  1431 | D:1      | Reached skill level 4 in Dodging
  1665 | D:2      | Reached XP level 3. HP: 22/26 MP: 3/3
  2118 | D:3      | Found an opulent altar of Gozag.
  2121 | D:3      | Found a radiant altar of Vehumet.
  2128 | D:3      | Became a worshipper of Gozag Ym Sagoz the Greedy
  2189 | D:3      | Reached XP level 4. HP: 31/31 MP: 4/4
  2192 | D:3      | HP: 7/31 [orc/+0 mace (5)]
  2196 | D:3      | Reached skill level 5 in Dodging
  2440 | D:3      | Noticed a black bear
  2447 | D:3      | Killed a black bear
  2448 | D:3      | Reached skill level 6 in Dodging
  2448 | D:3      | Reached XP level 5. HP: 36/36 MP: 5/5
  2504 | D:3      | Found an iron altar of Okawaru.
  2531 | D:3      | Identified the +2 ring mail "Plog" {Will++ Dex+3}
  2667 | D:3      | You pick up a book of Callings and begin reading...
  2667 | D:3      | You add the spells Summon Small Mammal, Call Canine
                  | Familiar and Summon Guardian Golem to your library.
  3142 | D:4      | Noticed a phantom
  3153 | D:4      | HP: 9/36 [phantom (8)]
  3162 | D:4      | HP: 9/36 [phantom (9)]
  3165 | D:4      | HP: 3/36 [phantom (6)]
  3169 | D:4      | Killed from afar by an orc wizard

Vanquished Creatures
  A black bear (D:3)
  An orc priest (D:3)
  3 adders (D:3)
  2 worms (D:3)
  2 orcs (D:3)
  3 endoplasms
  A giant cockroach (D:4)
  6 goblins
  5 hobgoblins
  4 jackals
  8 kobolds
  A quokka (D:1)
  4 ball pythons
  A bat (D:1)
  3 frilled lizards
  4 rats
49 creatures vanquished.

Table legend:
 A = Non-vault XP
 B = Vault XP
 C = Vault XP percentage of total XP
 D = Non-vault monster count
 E = Vault monster count
 F = Vault count percentage of total count
                 A         B        C        D         E       F
            +---------+---------+-------+---------+---------+-------
      Total |     286 |       4 |   1.4 |      47 |       2 |   4.1
            +---------+---------+-------+---------+---------+-------
        D:1 |      23 |       0 |   0.0 |      16 |       0 |   0.0
        D:2 |      16 |       4 |  20.0 |      10 |       2 |  16.7
        D:3 |     243 |       0 |   0.0 |      19 |       0 |   0.0
        D:4 |       4 |       0 |   0.0 |       2 |       0 |   0.0
            +---------+---------+-------+---------+---------+-------

Illustrated notes

Table legend:
 A = Kills in this place as a percentage of kills in entire the game.
 B = Kills by you in this place as a percentage of kills by you in the entire game.
 C = Kills by friends in this place as a percentage of kills by friends in the entire game.
 D = Other kills in this place as a percentage of other kills in the entire game.
 E = Experience gained in this place as a percentage of experience gained in the entire game.
 F = Experience gained in this place divided by the number of levels of this place that you have seen.
                   A       B       C       D       E      F
               +-------+-------+-------+-------+-------+----------------------
         Total | 100.0 | 100.0 |   N/A |   N/A | 100.0 |  72.5
       Dungeon | 100.0 | 100.0 |   N/A |   N/A | 100.0 |  72.5
               +-------+-------+-------+-------+-------+----------------------

Table legend: (Time is in decaauts)
 A = Elapsed time spent in this place.
 B = Non-inter-level travel time spent in this place.
 C = Inter-level travel time spent in this place.
 D = Time resting spent in this place.
 E = Time spent auto-exploring this place.
 F = Levels seen in this place.
 G = Mean time per level.
                   A        B        C        D        E       F      G
               +--------+--------+--------+--------+--------+-----+--------+
         Total |   3186 |   3066 |    120 |    694 |   2023 |   4 |  796.5 |
       Dungeon |   3186 |   3066 |    120 |    694 |   2023 |   4 |  796.5 |
               +--------+--------+--------+--------+--------+-----+--------+

Top non-repeatable levels by time:
     D:1: 1056 daAuts
     D:3: 1044 daAuts
     D:2: 996 daAuts
     D:4: 88 daAuts
